 Dungeon Crawl Stone Soup version 0.21-a0-241-g2cbab09 (webtiles) character file.

107338 aurelian the Bewitcher (level 16, -5/76 HPs)
             Began as a Felid Enchanter on Sept 3, 2017.
             Was the Champion of Dithmenos.
             Slain by an emperor scorpion (12 damage)
             ... on level 4 of the Spider Nest.
             The game lasted 02:56:34 (45127 turns).

aurelian the Bewitcher (Felid Enchanter)           Turns: 45127, Time: 02:56:35

Health: -5/76      AC:  3    Str:  4    XL:     16   Next: 0%
Magic:  18/26      EV: 35    Int: 23    God:    Dithmenos [******]
Gold:   2012       SH:  0    Dex: 25    Spells: 3/27 levels left
                                        Lives:  0   Deaths: 4

rFire    . . .     SeeInvis +     - Unarmed
rCold    + . .     Gourm    .   (shield unavailable)
rNeg     + . .     Faith    .   (armour unavailable)
rPois    +         Spirit   .   (helmet unavailable)
rElec    .         Reflect  .   (cloak unavailable)
rCorr    +         Harm     .   (gloves unavailable)
MR       +++..                  (boots unavailable)
Stlth    ++++++++++             C - amulet of regeneration
HPRegen  0.62/turn              H - ring of Kuosk {rCorr rN+ MR+ Dex+3}
MPRegen  0.20/turn              F - ring "Ekiny" {rPois Dex+5}

@: about to teleport, wreathed by umbra, drained, quick
A: no armour, no weapons or thrown items, stealth, claws 1, fangs 3, see
invisible, carnivore 3, speed 1, shaggy fur 3, slow metabolism 1, sharp paws
a: Shadow Step, Shadow Form, Renounce Religion


You were on level 4 of the Spider Nest.
You worshipped Dithmenos.
Dithmenos was exalted by your worship.
You were very full.

You visited 6 branches of the dungeon, and saw 29 of its levels.
You also visited: Labyrinth and Ossuary.

You collected 2987 gold pieces.
You spent 975 gold pieces at shops.

Inventory:

Jewellery
 a - an uncursed ring of fire
 c - an uncursed ring of stealth
 k - an uncursed ring of flight
 o - an uncursed ring of protection from fire
 C - an amulet of regeneration (around neck)
 F - the ring "Ekiny" (right paw) {rPois Dex+5}
   (You bought it in a shop on level 4 of the Dungeon)

   [ring of dexterity]

   It affects your dexterity (+5).
   It protects you from poison.
 H - the ring of Kuosk (left paw) {rCorr rN+ MR+ Dex+3}
   (You took it off a human on level 14 of the Dungeon)

   [ring of resist corrosion]

   It affects your dexterity (+3).
   It protects you from negative energy.
   It affects your resistance to hostile enchantments.
 K - an uncursed ring of wizardry
 M - an uncursed ring of positive energy
 R - an uncursed ring of resist corrosion
Wands
 d - a wand of disintegration (8/24)
 h - a wand of digging (24/24)
 n - a wand of confusion (16/48)
 q - a wand of lightning (3/15)
 v - a wand of paralysis (13/24)
 P - a wand of polymorph (10/24)
 Q - a wand of iceblast (1/15)
 Z - a wand of disintegration (11/24)
Scrolls
 g - 6 scrolls of teleportation
 i - a scroll of magic mapping
 m - 2 scrolls of blinking
 p - 5 scrolls of amnesia
 y - 4 scrolls of fear
 L - a scroll of summoning
 O - 2 scrolls of fog
 T - 6 scrolls of remove curse
 V - 3 scrolls of identify
Potions
 e - a potion of haste
 j - 5 potions of brilliance
 r - 3 potions of cancellation
 s - 5 potions of flight
 w - 4 potions of agility
 x - a potion of mutation
 z - a potion of magic
 B - 6 potions of curing
 G - 2 potions of might
 S - 2 potions of invisibility
Books
 f - a book of Minor Magic

   Spells                             Type                      Level
   a - Magic Dart                     Conjuration                  1
   b - Blink                          Translocation                2
   c - Call Imp                       Summoning                    2
   d - Slow                           Hexes                        2
   e - Conjure Flame                  Conjuration/Fire             3
   f - Mephitic Cloud                 Conjuration/Poison/Air       3
Miscellaneous
 U - a lightning rod (4/4)
Comestibles
 b - 13 meat rations
 l - 12 royal jellies


   Skills:
 + Level 12.3(11.9) Fighting
 + Level 16.1(15.6) Dodging
 + Level 19.0(18.6) Stealth
 * Level 15.6(15.1) Unarmed Combat
 - Level 6.0(5.6) Spellcasting
 + Level 20.6(20.2) Hexes
 - Level 5.1(4.8) Invocations


You had 3 spell levels left.
You knew the following spells:

 Your Spells              Type           Power        Failure   Level  Hunger
a - Ensorcelled Hibernat  Hex/Ice        ######       1%          2    None
b - Confuse               Hex            #######.     0%          3    #......
c - Tukima's Dance        Hex            #######.     0%          3    #......
d - Dazzling Spray        Conj/Hex       ######       1%          3    #......
e - Cause Fear            Hex            #######...   1%          4    ###....
f - Metabolic Englaciati  Hex/Ice        ######....   3%          5    #####..
g - Fulminant Prism       Conj/Hex       ######....   1%          4    ###....


Dungeon Overview and Level Annotations

Branches:
Dungeon (15/15)            Temple (1/1) D:7            Lair (6/6) D:9
 Shoals (0/4) Lair:4       Spider (4/4) Lair:2        Slime (0/5) Lair:6
    Orc (2/2) D:12            Elf (1/3) Orc:2        Vaults (0/5) D:14
 Depths (0/5) D:15

Altars:
Ashenzari
Cheibriados
Dithmenos
Elyvilon
Fedhas
Kikubaaqudgha
Makhleb
Nemelex Xobeh
Qazlal
Ru
Trog
Uskayaw
Vehumet
Wu Jian
Xom
Yredelemnul
The Shining One
Beogh
Jiyva

Shops:
D:4 =   D:5 :   Orc:2 ?}(*

Portals:
Trove: D:14 (give horn of Geryon)

Annotations:
D:8 exclusion: killer bee
Lair:5 enarc13's ghost, journeyman TeAE
Lair:6 exclusion: 2 death yaks
Spider:1 exclusion: obsidian statue
Spider:4 exclusion: Roxanne, Roxanne


Innate Abilities, Weirdness & Mutations

You cannot wear armour.
You are incapable of wielding weapons or throwing items.
Your paws allow you to move quietly. (Stealth)
You have sharp claws.
You have razor-sharp teeth.
You have supernaturally acute eyesight. (SInv)
You are carnivorous and can eat meat at any time.
You cover ground quickly.
Your thick and shaggy fur keeps you warm. (AC +3, rC+)
You have a slow metabolism.
Your sharp claws are effective at attacking unaware monsters.


Message History

Casting: Cause Fear
Confirm with . or Enter, or press ? or * to list all spells.
Aiming: Dazzling Spray
Press: ? - help, Shift-Dir - straight line, f/p - emperor scorpion
Aim: an emperor scorpion (black smoke, umbra)
The spray of energy misses the emperor scorpion.
The spray of energy hits the redback.
The redback is moderately wounded.
The redback is dazzled.
Your shadow mimicks your spell!
The shadow shard hits the emperor scorpion.
The redback bites you!
* * * LOW HITPOINT WARNING * * *
The emperor scorpion misses you. The emperor scorpion claws you!
* * * LOW HITPOINT WARNING * * *
The emperor scorpion misses you. The redback completely misses you.
The emperor scorpion completely misses you.
The emperor scorpion claws you!
You die...

≈≈..# +†..#...≈≈≈≈≈≈≈≈...^
≈≈≈≈# +...#...≈≈≈##≈≈≈≈...
##### +...#...#≈#####≈.... ≈
#...#^..^≈### ##.... ≈≈
#...#.....#.###..... ≈.
######.§.#..#..#..§§.....
#.....§§.#....^#.8.8§....
..s...§§s##....##........#
?....#§ss@#....^#.....####
##################..≈≈.#^8.8.#
.≈≈≈#≈≈≈........^.#≈≈≈≈#^....#
≈≈≈≈≈≈.............≈≈≈≈#.....#
≈≈≈s^..#...#.≈≈≈...^≈≈≈#.8.8.#
≈≈..........≈≈#≈≈...#..#.....#
..#^....^.≈≈≈≈≈≈≈≈.....#.....#
########################^8.8.#
#.^...#


You could see 2 emperor scorpions and a redback (blind).

Vanquished Creatures
  Kirke (Lair:5)
  Aizul (Spider:4)
  3 ghost moths
  An orc warlord (Orc:2)
  6 emperor scorpions
  3 entropy weavers
  Nessos (Lair:5)
  2 spark wasps (Spider:3)
  The ghost of RedSky the Fighter, a journeyman MiBe of Trog (Lair:1)
  A minotaur (Lab)
  A fire dragon (D:15)
  Josephine (Lair:5)
  A vault guard (D:14)
  2 ice dragons
  6 hydras
  2 catoblepae (Lair:6)
  7 centaur warriors
  18 two-headed ogres
  An ogre mage (D:15)
  4 orc high priests
  A death yak (Lair:1)
  A death knight (D:14)
  A tengu warrior (D:14)
  A deep elf knight (Elf:1)
  A fire crab (D:14)
  2 phantasmal warriors (D:14)
  2 spectral wolf spiders (Spider:4)
  2 unseen horrors
  6 orc knights
  11 deep elf magi
  30 wolf spiders
  4 cyclopes
  17 orb spiders
  8 orc sorcerers
  3 oklob plants (Lair:3)
  14 ugly things
  4 moths of wrath
  3 manticores
  2 centaur zombies
  4 black mambas
  3 elephants
  Joseph (D:9)
  A water nymph (Lair:4)
  19 spiny frogs
  5 spectral redbacks (Spider:4)
  2 torpor snails
  A gargoyle (D:14)
  6 komodo dragons
  2 rime drakes (D:12)
  19 demonic crawlers
  3 kobold demonologists
  The ghost of NoRagrets the Cudgeler, an amateur TrMo (D:4)
  A redback zombie (Spider:4)
  2 tengu conjurers
  2 freezing wraiths (D:14)
  12 trolls
  A queen bee (shapeshifter) (D:14)
  35 jumping spiders
  Prince Ribbit (D:5)
  2 polar bears
  Grinder (D:6)
  3 slime creatures (D:12)
  24 blink frogs
  A minotaur skeleton (Lab)
  9 hornets
  2 jumping spider zombies (Spider:4)
  3 spectral tarantellas (Spider:4)
  15 hippogriffs
  2 dream sheep (D:8)
  A shadow (D:13)
  2 tarantella zombies (Spider:4)
  5 wyverns
  45 redbacks
  29 tarantellas
  A vampire (D:15)
  4 wraiths
  7 basilisks
  A fire elemental (Lair:5)
  16 humans (D:14)
  A basilisk (shapeshifter) (D:15)
  4 hungry ghosts
  62 yaks
  5 vampire mosquitoes
  4 wargs (Orc:2)
  A soldier ant (D:11)
  11 water moccasins
  3 floating eyes
  13 porcupines
  7 ice beasts
  3 black bears
  5 sky beasts
  A hornet zombie (D:15)
  21 wolves
  40 orc warriors
  4 eyes of draining
  2 phantoms
  17 ogres
  4 boggarts (D:15)
  A necrophage (D:12)
  13 crocodiles
  24 centaurs
  10 big kobolds
  Blork the orc (D:5)
  15 bullfrogs
  A scorpion (D:14)
  12 killer bees
  8 wights
  6 howler monkeys
  An electric eel (Lair:5)
  8 crimson imps
  A lava snake (Lair:5)
  2 hounds (D:12)
  A quasit (D:15)
  3 bullfrog skeletons
  A bullfrog zombie (D:9)
  4 centaur skeletons
  32 orc priests
  Terence (D:3)
  34 orc wizards
  14 worker ants
  2 hound zombies
  9 gnolls
  20 adders
  8 shadow imps
  3 adder skeletons
  2 adder zombies
  6 worms
  2 dart slugs
  2 leopard geckos
  121 orcs
  2 bats (D:1)
  2 bat zombies (D:3)
  7 giant cockroaches
  8 goblins
  5 hobgoblins
  17 jackals
  4 quokkas
  A ball python (D:3)
  A ball python zombie (D:5)
  6 frilled lizards
  31 kobolds
  2 leopard gecko skeletons
  5 rats
  2 rat zombies (D:3)
  A fulminant prism (Lair:3)
  A fungus (Lair:5)
  A plant (Lair:3)
1142 creatures vanquished.

Vanquished Creatures (collateral kills)
  2 two-headed ogres
  An orc high priest (Orc:2)
  An orc sorcerer (Orc:2)
  16 orc warriors
  4 orc priests
  3 orc wizards
  15 orcs
42 creatures vanquished.

Vanquished Creatures (others)
  2 dancing weapons (Orc:2)
  2 humans (Lair:6)
  An orc warrior (Orc:2)
  17 fulminant prisms
  8 fungi
  12 plants
42 creatures vanquished.

Grand Total: 1226 creatures vanquished

Notes
Turn   | Place    | Note
-------+----------+-------------------------------------------
     0 | D:1      | aurelian the Felid Enchanter began the quest for the Orb.
     0 | D:1      | Reached XP level 1. HP: 7/7 MP: 4/4
   165 | D:1      | Reached XP level 2. HP: 11/11 MP: 6/6
   201 | D:1      | Learned a level 2 spell: Ensorcelled Hibernation
   855 | D:2      | Reached skill level 5 in Hexes
   935 | D:2      | Reached XP level 3. HP: 14/14 MP: 4/7
  1181 | D:1      | Reached skill level 5 in Stealth
  2086 | D:3      | Reached XP level 4. HP: 16/18 MP: 1/8
  2483 | D:3      | Learned a level 3 spell: Confuse
  2491 | D:3      | Found an ancient bone altar of Kikubaaqudgha.
  2602 | D:3      | Noticed Terence
  2632 | D:3      | Killed Terence
  2945 | D:4      | Noticed NoRagrets's ghost (amateur TrMo)
  3192 | D:4      | Reached XP level 5. HP: 21/21 MP: 6/9
  3793 | D:4      | Killed NoRagrets's ghost
  3793 | D:4      | Reached skill level 6 in Hexes
  3793 | D:4      | Gained mutation: You are covered in thick fur. (AC +2) [Felid growth]
  3793 | D:4      | Reached XP level 6. HP: 16/24 MP: 3/10
  3954 | D:4      | Reached XP level 7. HP: 28/28 MP: 11/11
  3973 | D:4      | Found Emesopp's Jewellery Boutique.
  4021 | D:4      | Reached skill level 1 in Fighting
  4021 | D:4      | Reached skill level 5 in Dodging
  4021 | D:4      | Reached skill level 7 in Hexes
  4363 | D:4      | Reached skill level 5 in Unarmed Combat
  5802 | D:4      | Reached XP level 8. HP: 32/32 MP: 6/12
  5998 | D:5      | Entered Level 5 of the Dungeon
  6496 | D:5      | Noticed Prince Ribbit
  6513 | D:5      | Reached skill level 8 in Hexes
  6619 | D:5      | Found Ezekolik's Book Shoppe.
  6746 | D:5      | Learned a level 3 spell: Dazzling Spray
  6950 | D:5      | Noticed Blork the orc
  6953 | D:5      | Killed Blork the orc
  7711 | D:5      | Killed Prince Ribbit
  7851 | D:6      | Noticed Grinder
  7864 | D:6      | Killed Grinder
  7864 | D:6      | Reached skill level 9 in Hexes
  7991 | D:6      | Found a snail-covered altar of Cheibriados.
  8010 | D:6      | Found a sand-covered staircase.
  8026 | Ossuary  | Entered an ossuary
  8217 | D:6      | Reached XP level 9. HP: 37/37 MP: 15/15
  8277 | D:6      | Found a sparkling altar of Nemelex Xobeh.
  8284 | D:6      | Found a hide-covered altar of Uskayaw.
  8379 | D:6      | Found a blossoming altar of Fedhas.
  8397 | D:6      | Found an ornate altar of the Wu Jian Council.
  8649 | D:6      | Found a shattered altar of Ashenzari.
  8763 | D:6      | Found a shimmering altar of Xom.
  8763 | D:6      | Found a burning altar of Makhleb.
  8919 | D:6      | Noticed a two-headed ogre
  8937 | D:6      | Killed a two-headed ogre
  8937 | D:6      | Reached skill level 10 in Hexes
  9089 | D:6      | Found a white marble altar of Elyvilon.
  9102 | D:6      | Noticed a moth of wrath
  9105 | D:6      | Found a bloodstained altar of Trog.
  9274 | D:7      | Got a scorched iron ring
  9308 | D:7      | Learned a level 3 spell: Tukima's Dance
  9366 | D:7      | Reached skill level 10 in Stealth
  9606 | D:7      | Found a sacrificial altar of Ru.
  9866 | D:7      | Reached skill level 11 in Hexes
 10058 | D:7      | Reached XP level 10. HP: 42/42 MP: 17/17
 10403 | D:7      | Found a basalt altar of Yredelemnul.
 10426 | D:7      | Found a staircase to the Ecumenical Temple.
 10446 | Temple   | Entered the Ecumenical Temple
 10486 | Temple   | Became a worshipper of Dithmenos the Shadowed
 11604 | D:8      | Identified the ring of Eternal Harmony {MP+9 Stlth-} (You found it on level 7 of the Dungeon)
 11725 | D:8      | Reached * piety under Dithmenos
 12756 | D:8      | Noticed a three-headed hydra
 12814 | D:8      | HP: 1/43 [three-headed hydra (14)]
 12816 | D:8      | Demolished by a three-headed hydra
 12817 | D:8      | Reached XP level 9. HP: -15/40 MP: 7/17
 12921 | D:9      | Found a sacrificial altar of Ru.
 13130 | D:9      | Reached skill level 5 in Fighting
 13466 | D:9      | Noticed Joseph
 13471 | D:9      | Reached skill level 5 in Spellcasting
 13538 | D:9      | Impaled on a porcupine's spines
 13539 | D:9      | Reached XP level 8. HP: 0/37 MP: 11/16
 13618 | D:9      | Reached XP level 9. HP: 40/40 MP: 13/17
 13622 | D:9      | Killed Joseph
 13666 | D:9      | Found a staircase to the Lair.
 13846 | D:10     | Entered Level 10 of the Dungeon
 13874 | D:10     | Noticed a two-headed ogre
 13900 | D:10     | Killed a two-headed ogre
 13900 | D:10     | Reached skill level 12 in Hexes
 14323 | D:10     | Noticed a two-headed ogre
 14330 | D:10     | Killed a two-headed ogre
 14330 | D:10     | Reached XP level 10. HP: 45/45 MP: 17/19
 14354 | D:10     | Reached ** piety under Dithmenos
 14777 | D:4      | Bought the ring "Ekiny" {rPois Dex+5} for 681 gold pieces
 15733 | D:11     | Noticed a two-headed ogre
 15742 | D:11     | Noticed a two-headed ogre
 15743 | D:11     | Killed a two-headed ogre
 15750 | D:11     | Killed a two-headed ogre
 15914 | D:11     | Reached *** piety under Dithmenos
 16288 | Lair:1   | Entered Level 1 of the Lair of Beasts
 16307 | Lair:1   | Noticed a spiny frog
 16314 | Lair:1   | Killed a spiny frog
 16348 | Lair:1   | Noticed a spiny frog
 16364 | Lair:1   | Killed a spiny frog
 16364 | Lair:1   | Reached XP level 11. HP: 49/49 MP: 16/21
 16411 | Lair:1   | Found a labyrinth entrance.
 16485 | Lair:1   | Noticed RedSky's ghost (journeyman MiBe)
 16501 | Lab      | Entered a labyrinth
 17514 | Lab      | Reached skill level 13 in Hexes
 17888 | Lab      | Noticed a minotaur
 17891 | Lab      | Killed a minotaur
 17947 | Lair:1   | Killed RedSky's ghost
 17947 | Lair:1   | Reached skill level 10 in Dodging
 18295 | Lair:1   | Noticed a five-headed hydra
 18338 | Lair:1   | Killed a five-headed hydra
 19421 | Lair:2   | Found a hole to the Spider Nest.
 20013 | Lair:3   | Noticed an oklob plant
 20013 | Lair:3   | Noticed an oklob plant
 20013 | Lair:3   | Noticed an oklob plant
 20175 | Lair:3   | Gained mutation: Your thick and shaggy fur keeps you warm. (AC +3, rC+) [Felid growth]
 20175 | Lair:3   | Reached XP level 12. HP: 54/54 MP: 22/22
 20197 | Lair:3   | Noticed a four-headed hydra
 20204 | Lair:3   | Killed a four-headed hydra
 20264 | Lair:3   | Reached **** piety under Dithmenos
 20305 | Lair:2   | Reached skill level 14 in Hexes
 20810 | Lair:4   | Found a staircase to the Shoals.
 20920 | Lair:4   | Noticed a death yak
 21857 | Lair:3   | Reached skill level 15 in Stealth
 21910 | Lair:3   | Learned a level 4 spell: Cause Fear
 21916 | Lair:3   | Learned a level 5 spell: Metabolic Englaciation
 22081 | Lair:4   | You fall through a shaft for 2 floors!
 22081 | Lair:6   | Entered Level 6 of the Lair of Beasts
 22081 | Lair:6   | Noticed a catoblepas
 22085 | Lair:6   | Killed a catoblepas
 22124 | Lair:6   | Noticed a death yak
 22124 | Lair:6   | Noticed a death yak
 22125 | Lair:6   | Noticed a catoblepas
 22127 | Lair:6   | Noticed a death yak
 22135 | Lair:6   | Noticed a death yak
 22149 | Lair:6   | Reached skill level 10 in Unarmed Combat
 22153 | Lair:6   | Noticed a seven-headed hydra
 22305 | Lair:6   | Killed a seven-headed hydra
 22305 | Lair:6   | Reached XP level 13. HP: 60/60 MP: 18/23
 22528 | Lair:3   | Reached ***** piety under Dithmenos
 23221 | Lair:5   | Noticed enarc13's ghost (journeyman TeAE)
 23267 | Lair:5   | Noticed Josephine
 23272 | Lair:5   | Killed Josephine
 23272 | Lair:5   | Reached skill level 15 in Hexes
 23510 | Lair:5   | Noticed Nessos
 23520 | Lair:5   | Killed Nessos
 24487 | Lair:6   | Found a staircase to the Slime Pits.
 24487 | Lair:6   | Found a viscous altar of Jiyva.
 24792 | Lair:6   | Noticed Kirke
 24852 | Lair:5   | Killed Kirke
 25174 | Lair:6   | Reached skill level 16 in Hexes
 26252 | Lair:6   | Learned a level 4 spell: Fulminant Prism
 26259 | Lair:6   | Reached XP level 14. HP: 64/64 MP: 21/24
 27178 | D:12     | Reached skill level 1 in Invocations
 27410 | D:12     | Reached ****** piety under Dithmenos
 27431 | D:12     | Reached skill level 17 in Hexes
 27565 | D:12     | Found a staircase to the Orcish Mines.
 27760 | D:13     | Reached skill level 10 in Fighting
 29605 | D:14     | Got a brightly glowing turquoise ring
 29609 | D:14     | Identified the ring of Kuosk {rCorr rN+ MR+ Dex+3} (You took it off a human on level 14 of the Dungeon)
 29685 | D:14     | Found a gate to the Vaults.
 29728 | D:14     | Reached XP level 15. HP: 65/70 MP: 16/25
 29886 | D:14     | Found a portal to a secret trove of treasure.
 30205 | D:14     | Reached skill level 18 in Hexes
 30399 | D:15     | Entered Level 15 of the Dungeon
 30560 | D:15     | Found a staircase to the Depths.
 32203 | Orc:1    | Entered Level 1 of the Orcish Mines
 32737 | Orc:2    | Entered Level 2 of the Orcish Mines
 33442 | Orc:2    | Found a roughly hewn altar of Beogh.
 33641 | Orc:2    | Found Malef's Magic Scroll Emporium.
 33810 | Orc:2    | Bought a scroll of summoning for 114 gold pieces
 33810 | Orc:2    | Bought a scroll of blinking for 90 gold pieces
 33810 | Orc:2    | Bought a scroll of blinking for 90 gold pieces
 33820 | Orc:2    | Found Besy's Gadget Shoppe.
 33906 | Orc:2    | Reached skill level 5 in Invocations
 34217 | Orc:2    | Found Notaon's General Store.
 34227 | Orc:2    | Noticed an orc warlord
 34526 | Orc:2    | Reached skill level 19 in Hexes
 34709 | Orc:2    | Found a roughly hewn altar of Beogh.
 34999 | Orc:2    | Killed an orc warlord
 35518 | Orc:2    | Found Osuajix's Antique Weapon Shop.
 35665 | Orc:2    | Found a staircase to the Elven Halls.
 36388 | Orc:1    | Reached XP level 16. HP: 75/75 MP: 17/26
 36969 | Spider:1 | Entered Level 1 of the Spider Nest
 37326 | Spider:1 | Blown up by an orb spider
 37327 | Spider:1 | Reached XP level 15. HP: -33/71 MP: 7/25
 37527 | Spider:1 | Reached skill level 15 in Dodging
 38493 | Elf:1    | Entered Level 1 of the Elven Halls
 38536 | Elf:1    | Found a radiant altar of Vehumet.
 39657 | Spider:2 | Reached skill level 20 in Hexes
 40135 | Spider:2 | Noticed a ghost moth
 40179 | Spider:2 | Killed a ghost moth
 40409 | Spider:2 | Noticed a ghost moth
 40581 | Spider:1 | Killed a ghost moth
 40927 | Spider:3 | Reached XP level 16. HP: 76/76 MP: 26/26
 41205 | Spider:3 | Blown up by an orb spider
 41206 | Spider:3 | Reached XP level 15. HP: 0/72 MP: 14/25
 42262 | Spider:3 | Reached skill level 15 in Unarmed Combat
 43004 | Spider:4 | Entered Level 4 of the Spider Nest
 43159 | Spider:4 | Noticed Roxanne
 43466 | Spider:4 | Noticed a ghost moth
 43491 | Spider:4 | Killed a ghost moth
 44137 | Spider:4 | Noticed Aizul
 44560 | Spider:4 | Killed Aizul
 45124 | Spider:4 | Reached XP level 16. HP: 28/76 MP: 20/26
 45127 | Spider:4 | Slain by an emperor scorpion

Vault maps used:
D:1:      dpeg_arrival_refuge
D:3:      lemuel_zombie_altar_kikubaaqudgha, uniq_terence
D:4:      minmay_diamond_boxcup, serial_shops, shop
D:5:      serial_shops, nicolae_shop_waterfront, first_bread,
          minmay_misc_feat_x, uniq_blork_the_orc, uniq_prince_ribbit1
D:6:      grunt_temple_overflow_champion_of_chaos, tgw_trog,
          nicolae_overflow_quartered_altars, lemuel_coloured_pillars_altar,
          slow_altar_1, enter_ossuary_3, basic_altar, uniq_grinder
D:7:      nicolae_ru_the_path_less_chosen, lemuel_crystal_altar, temple_hall
D:8:      minmay_misc_feat_more_columns, hangedman_ranch,
          minmay_misc_feat_square
D:9:      grunt_lair_entry_orc_guard_hut, basic_altar, uniq_joseph
D:10:     nrook_mini_vaults
D:12:     minmay_coctagon, hiddenorc1_lemuel
D:13:     onia_ninara_cookie
D:14:     david_vaults_3, enter_trove_5
D:15:     grunt_enter_depths_hoard, small_statue_intersection,
          corexii_leaking_fountain
Temple:   jpeg_temple_alley_garden
Lair:1:   cheibrodos_lair_river_kwai, lab_entry_generic
Lair:2:   dummy_spider_entry, grunt_megastairs_1
Lair:3:   minivault_24, minmay_lair_oklob_chamber, lemuel_fruit_tree
Lair:4:   minmay_shoals_entry_beasts, beast_lair_carwin_6
Lair:5:   uniq_josephine, uniq_nessos
Lair:6:   evilmike_catoblepas_cave, slime_altar_1, nicolae_volcano_entry_s_turn,
          grunt_megastairs_4, uniq_kirke
Spider:1: spider_temple_joshua, guppyfry_spider_mini_1
Spider:3: nicolae_spider_cling_ruins
Spider:4: floodkiller_spider_rune_tomb, uniq_aizul, uniq_roxanne
Orc:1:    nicolae_orc_accident_1
Orc:2:    pubby_orc_utopia
Elf:1:    eino_elf_arrival_altar, serial_shops, shop, hangedman_elf_represent,
          grunt_ministairs_14, st_stairs_1
Lab:      lab_hedge, nicolae_lab_x
Ossuary:  ossuary_minmay_tomb_2a

Skill      XL: |  1  2  3  4  5  6  7  8  9 10 11 12 13 14 15 |
---------------+----------------------------------------------+-----
Hexes          | 5 6 7 9 12 13 14 16 17 20 | 20.6
Dodging        | 3 4 5 8 9 10 12 13 16 | 16.1
Unarmed Combat | 2 4 5 6 8 9 10 11 12 15 | 15.6
Stealth        | 5 6 7 8 12 13 14 15 16 19 | 19.0
Fighting       | 1 3 5 6 7 8 9 10 12 | 12.3
Spellcasting   | 3 5 6 |  6.0
Invocations    | 3 5 |  5.1

Action                   |  1- 3 |  4- 6 |  7- 9 | 10-12 | 13-15 | 16-18 || total
-------------------------+-------+-------+-------+-------+-------+-------++-------
Melee: Unarmed           |    87 |    71 |   328 |   345 |  1399 |   100 ||  2330
       Bite              |     4 |     6 |    30 |    27 |   141 |     4 ||   212
       Punch             |       |     2 |     3 |     7 |    61 |     5 ||    78
 Cast: Corona            |     2 |       |     2 |       |       |       ||     4
       Ensorcelled Hiber |    31 |    18 |   118 |   144 |   395 |    44 ||   750
       Confuse           |       |     5 |    60 |    75 |   196 |    10 ||   346
       Tukima's Dance    |       |       |     4 |    10 |    39 |     1 ||    54
       Dazzling Spray    |       |       |       |     1 |    54 |     1 ||    56
       Cause Fear        |       |       |       |       |    15 |       ||    15
       Fulminant Prism   |       |       |       |       |    18 |       ||    18
       Metabolic Englaci |       |       |       |       |     3 |       ||     3
Invok: Shadow Step       |       |       |       |       |     3 |       ||     3
Evoke: Wand              |       |       |       |     8 |     6 |       ||    14
  Use: Scroll            |       |     6 |     8 |    15 |    16 |     1 ||    46
       Potion            |       |       |     1 |       |    11 |       ||    12
 Stab: Sleeping          |    25 |    19 |    91 |   146 |   408 |    41 ||   730
       Distracted        |       |     2 |     1 |     1 |    18 |     1 ||    23
       Confused          |       |     5 |    32 |    41 |   129 |     7 ||   214
       Invisible         |       |       |       |       |     2 |       ||     2
  Eat: Chunk             |     2 |     9 |    42 |    23 |    60 |     3 ||   139
Armor: Skin              |     6 |     4 |    10 |     6 |    14 |     4 ||    44
Dodge: Dodged            |    77 |    60 |   169 |   208 |  1523 |   148 ||  2185

Table legend:
 A = Spawn XP
 B = Non-spawn XP
 C = Spawn XP percentage of total XP
 D = Spawn monster count
 E = Non-spawn monster count
 F = Spawn count percentage of total count
 G = Total turns spent on level
                    A         B        C        D         E        F      G
               +---------+---------+-------+---------+---------+-------+---------
         Total |   30489 |  233501 |  11.5 |     185 |     997 |  15.7 | 45127
               +---------+---------+-------+---------+---------+-------+---------
           D:1 |       0 |      27 |   0.0 |       0 |       8 |   0.0 |   647
           D:2 |       9 |      52 |  14.8 |       4 |      16 |  20.0 |  1222
           D:3 |     128 |     129 |  49.8 |       8 |      17 |  32.0 |  2524
           D:4 |     119 |    1026 |  10.4 |       9 |      36 |  20.0 |  2183
           D:5 |     176 |     654 |  21.2 |       7 |      19 |  26.9 |  1516
           D:6 |    1035 |     702 |  59.6 |       5 |      17 |  22.7 |  1522
           D:7 |     154 |    1931 |   7.4 |      14 |      26 |  35.0 |  1578
           D:8 |       2 |    2070 |   0.1 |       1 |      28 |   3.4 |  1860
           D:9 |     238 |    1784 |  11.8 |       3 |      22 |  12.0 |  1209
          D:10 |     352 |    3127 |  10.1 |       3 |      19 |  13.6 |  1133
          D:11 |     207 |    3316 |   5.9 |       5 |      28 |  15.2 |  1159
          D:12 |    1133 |    7283 |  13.5 |       4 |      52 |   7.1 |  1182
          D:13 |     580 |   10529 |   5.2 |       4 |      39 |   9.3 |  1094
          D:14 |    1765 |   21131 |   7.7 |      10 |      62 |  13.9 |  1742
          D:15 |     127 |   16923 |   0.7 |       1 |      48 |   2.0 |  1057
        Lair:1 |     940 |    6445 |  12.7 |       6 |      19 |  24.0 |  1537
        Lair:2 |    1002 |    2594 |  27.9 |       4 |      14 |  22.2 |  1742
        Lair:3 |    1919 |    6257 |  23.5 |      10 |      20 |  33.3 |  1827
        Lair:4 |    1007 |    7796 |  11.4 |       6 |      32 |  15.8 |  1184
        Lair:5 |    1893 |   10327 |  15.5 |       6 |      29 |  17.1 |  2205
        Lair:6 |    2120 |   15401 |  12.1 |       6 |      52 |  10.3 |  1541
      Spider:1 |    3396 |   24643 |  12.1 |       7 |      61 |  10.3 |  1955
      Spider:2 |    4200 |   11829 |  26.2 |       8 |      27 |  22.9 |  1415
      Spider:3 |    3649 |   17635 |  17.1 |       7 |      49 |  12.5 |  1484
      Spider:4 |    1392 |   25723 |   5.1 |       3 |      55 |   5.2 |  2027
         Orc:1 |     915 |    5064 |  15.3 |      22 |      38 |  36.7 |  1071
         Orc:2 |    2031 |   20907 |   8.9 |      22 |     146 |  13.1 |  3685
         Elf:1 |       0 |    5878 |   0.0 |       0 |      10 |   0.0 |   321
           Lab |       0 |    2302 |   0.0 |       0 |       7 |   0.0 |  1400
       Ossuary |       0 |      16 |   0.0 |       0 |       1 |   0.0 |    39
               +---------+---------+-------+---------+---------+-------+---------
